 Dungeon Crawl Stone Soup version 0.30-a0-802-gb92711bcdf (webtiles) character file.

Game seed: 10835642227670675711

858 jimonade the Cudgeller (level 8, -2/58 HPs)
             Began as a Djinni Warper on Feb 25, 2023.
             Slain by a starflower (7 damage)
             ... on level 2 of the Abyss.
             The game lasted 00:09:06 (4062 turns).

jimonade the Cudgeller (Djinni Warper)              Turns: 4062, Time: 00:09:06

Health: -2/58      AC:  9    Str: 12    XL:     8   Next: 22%
Gold:   172        EV: 19    Int: 16    God:
                   SH:  5    Dex: 12

rFire   + + .      SeeInvis .    a - +3 flail
rCold   x . .      Faith    .    m - orb {light}
rNeg    . . .      Spirit   .    u - +1 scale mail {rPois}
rPois   ∞          Reflect  +    C - +0 helmet
rElec   .          Harm     .    (no cloak)
rCorr   .          Rampage  .    (no gloves)
Will    .....                    (boots unavailable) Stlth
                                 h - amulet of reflection
HPRegen 0.29/turn                j - +5 ring of evasion
MPRegen 0.00/turn                (no ring)

@: agile, flying, glowing
A: sickness immunity, fire resistance 2, cold vulnerability 1, float, innate
caster, HP casting, extra vitality 1
a: no special abilities


You were on level 2 of the Abyss.
You visited 1 branch of the dungeon, and saw 4 of its levels.
You visited the Abyss 1 time.

You collected 172 gold pieces.

Inventory:

Hand Weapons
 a - a +3 flail (weapon)
 B - a +0 mace
 E - a +0 whip of flaming
Missiles
 d - 7 boomerangs of dispersal (quivered)
 r - 4 poisoned darts
 x - 6 boomerangs
Armour
 b - a +0 leather armour
 m - an orb of light (worn)
 u - a +1 scale mail of poison resistance (worn)
 v - a +0 ring mail
 C - a +0 helmet (worn)
Jewellery
 h - an amulet of reflection (around neck)
 j - a +5 ring of evasion (left hand)
Wands
 s - a wand of iceblast (13)
Scrolls
 c - 2 scrolls of blinking
 f - 4 scrolls of magic mapping {unknown}
 g - a scroll of fear {unknown}
 l - 5 scrolls of identify {unknown}
 o - 3 scrolls of teleportation {unknown}
 p - 3 scrolls of poison {unknown}
 t - a scroll of immolation {unknown}
 w - a scroll of butterflies {unknown}
 y - a scroll of vulnerability {unknown}
 F - a scroll of fog {unknown}
Potions
 e - 2 potions of curing {unknown}
 i - a potion of attraction {unknown}
 k - a potion of might {unknown}
 n - a potion of lignification {unknown}
 q - 2 potions of haste {unknown}
 z - a potion of resistance {unknown}
 A - a potion of heal wounds {unknown}
 D - a potion of flight {unknown}
 G - a potion of cancellation {unknown}


   Skills:
 + Level 3.6 Fighting
 + Level 4.5 Maces & Flails
 - Level 0.7 Throwing
 + Level 3.6 Armour
 + Level 3.1 Dodging
 + Level 1.8 Shields
 * Level 4.0 Spellcasting


You knew the following spells:

 Your Spells              Type           Power      Damage    Failure   Level
a - Blink                 Tloc           32%        N/A       24%         2
b - Lesser Beckoning      Tloc           32%        N/A       24%         2
c - Vhi's Electric Charg  Tloc/Air       32%        N/A       43%         3
d - Teleport Other        Tloc           16%        N/A       43%         3
e - Manifold Assault      Tloc           16%        N/A       83%         4
f - Magic Dart            Conj           64%        1d6       16%         1
g - Wereblood             Tmut           16%        N/A       24%         2
h - Confusing Touch       Hex            16%        N/A       43%         3
Your spell library was empty.

Dungeon Overview and Level Annotations

Branches:
Dungeon (4/15)
 Temple: D:4-7

Altars:


Innate Abilities, Weirdness & Mutations

You are immune to sickness and miasma.
You are immune to poison.
Your flesh is very heat resistant. (rF++)
You are vulnerable to cold. (rC-)
You float through the air rather than walking.
You learn spells naturally, not from books.
Your magical power is your life essence.
You have superior vitality. (+4 MHP)


Message History

This branch contains the abyssal rune of Zot.
Reactivating autopickup.
Found a corrupted altar of Lugonu.
There is an empty arch of ancient stone here.
There is nothing on the other side of the stone arch.
There is nothing on the other side of the stone arch.
There is nothing on the other side of the stone arch.
Found a gateway leading deeper into the Abyss.
A chaos spawn comes into view.
The chaos spawn trumpets!
An ancient zyme comes into view.
The chaos spawn gores you.
You feel agile all of a sudden. The chaos spawn gores you.
The chaos spawn freezes you!!
You feel a terrible chill!
The chaos spawn gores you but does no damage.
A thrashing horror comes into view.
There is a gateway leading deeper into the Abyss here.
You can't go up here!
Unknown command.
The thrashing horror roars!
You hear a roar!
The chaos spawn hits you!
You feel more agile all of a sudden.
You plunge deeper into the Abyss.
Found a shimmering blue altar of Sif Muna.
You start resting.
A tentacled starspawn comes into view.
A tentacled starspawn is nearby!
You can't go down here!
A chaos spawn comes into view. 2 starflowers come into view.
Found a gateway leading deeper into the Abyss.
The starflower gurgles horribly!
You hear a horrible gurgling sound!
The starflower tentacle-slaps you from afar!
Space warps horribly around you!
* * * LOW HITPOINT WARNING * * *
The starflower tentacle-slaps you from afar.
* * * LOW HITPOINT WARNING * * *
The starflower misses you. The starflower tentacle-slaps you!
You die...

. #...###. ....# ..
..#.... #..#..
##.###..#.###.....###
.......#...#.#..# ..
........#.....#.#.#
#..............# ..
..4....##_.#....#...#
X.###########....#
#...P@..###
.........#.....
..>......#..#.#
.......... #..
..#...P#... #.. #
######.... ..# ###.#.
.. ##..


You could see 2 starflowers.

Vanquished Creatures
  Pikel (D:4)
  4 lemures
  A hound (D:4)
  An orc priest (D:3)
  3 iguanas
  2 orc wizards (D:3)
  3 gnolls
  5 adders
  A shadow imp (D:4)
  A worm (D:2)
  11 dart slugs
  11 orcs
  6 ball pythons
  8 endoplasms
  5 hobgoblins
  6 kobolds
  4 quokkas
  5 bats
  7 frilled lizards
  8 goblins
  5 rats
98 creatures vanquished.

Vanquished Creatures (others)
  5 plants (D:2)
5 creatures vanquished.

Grand Total: 103 creatures vanquished

Notes
Turn   | Place    | Note
-------+----------+-------------------------------------------
     0 | D:1      | jimonade the Djinni Warper began the quest for the Orb.
     0 | D:1      | jimonade set off with the following spells memorised:
                  | Blink, Lesser Beckoning, Vhi's Electric Charge, Teleport
                  | Other, Manifold Assault.
     0 | D:1      | Reached XP level 1. HP: 18/18 MP: 0/0
   219 | D:1      | Reached XP level 2. HP: 23/23 MP: 0/0
   432 | D:1      | Reached XP level 3. HP: 28/28 MP: 0/0
   432 | D:1      | Learned a level 1 spell: Magic Dart
   970 | D:2      | Reached XP level 4. HP: 33/33 MP: 0/0
  1860 | D:3      | Reached XP level 5. HP: 39/39 MP: 0/0
  1860 | D:3      | Learned a level 2 spell: Wereblood
  2223 | D:3      | Reached skill level 1 in Shields
  2287 | D:3      | Reached XP level 6. HP: 38/45 MP: 0/0
  3087 | D:4      | Noticed an ogre
  3259 | D:4      | Noticed Pikel
  3607 | D:4      | Killed Pikel
  3608 | D:4      | Reached XP level 7. HP: 27/50 MP: 0/0
  3608 | D:4      | Learned a level 3 spell: Confusing Touch
  3608 | D:4      | Reached XP level 8. HP: 30/56 MP: 0/0
  3958 | Abyss:1  | Found a corrupted altar of Lugonu.
  3958 | Abyss:1  | Cast into level 1 of the Abyss (orc wizard)
  4019 | Abyss:1  | Noticed an ancient zyme
  4024 | Abyss:1  | Noticed a thrashing horror
  4044 | Abyss:2  | Noticed a tentacled starspawn
  4061 | Abyss:2  | Noticed a starflower
  4061 | Abyss:2  | Noticed a starflower
  4062 | Abyss:2  | Slain by a starflower

Illustrated notes

Levels and vault maps discovered:
D:1:      spicycebolla_arrival_clurvy, layout_loops_ring
D:2:      layout_basic, minmay_lizard_king
D:3:      kennysheep_slugbush, layout_basic
D:4:      layout_basic, temple_pool_b, uniq_edmund, uniq_pikel
Abyss:2:  base: D:3, spicy_abyss_unhelpful_harpoons

Skill      XL: |  1  2  3  4  5  6  7  8 |
---------------+-------------------------+-----
Spellcasting   | 3 4 |  4.0
Maces & Flails | 2 3 4 |  4.5
Armour         | 2 3 |  3.6
Shields        | 1 |  1.8
Fighting       | 3 |  3.6
Dodging        | 3 |  3.1
Throwing       | |  0.7

Action                     |  1- 3 |  4- 6 |  7- 9 || total
---------------------------+-------+-------+-------++-------
  Melee: Mace              |    87 |   169 |       ||   256
         Punch             |     1 |       |       ||     1
         Flail             |       |    65 |    41 ||   106
   Stab: Sleeping          |     2 |       |       ||     2
 Armour: Leather armour    |    20 |     3 |       ||    23
         Scale mail        |       |    64 |    21 ||    85
  Dodge: Dodged            |    48 |   150 |    34 ||   232
  Block: Other             |    12 |       |       ||    12
         Reflection        |     1 |     2 |       ||     3
         Orb               |     1 |    46 |    12 ||    59

Table legend: (Time is in decaauts)
 A = Elapsed time spent in this place.
 B = Non-inter-level travel time spent in this place.
 C = Inter-level travel time spent in this place.
 D = Time resting spent in this place.
 E = Time spent auto-exploring this place.
 F = Levels seen in this place.
 G = Mean time per level.
                   A        B        C        D        E       F      G
               +--------+--------+--------+--------+--------+-----+--------+
         Total |   4161 |   3943 |    218 |    675 |   1888 |   6 |  693.5 |
       Dungeon |   4057 |   3839 |    218 |    657 |   1878 |   4 | 1014.2 |
         Abyss |    103 |    103 |      0 |     18 |     10 |   2 |   51.5 |
               +--------+--------+--------+--------+--------+-----+--------+

Top non-repeatable levels by time:
     D:3: 1828 daAuts
     D:2: 914 daAuts
     D:1: 746 daAuts
     D:4: 568 daAuts
 Abyss:1: 67 daAuts
 Abyss:2: 35 daAuts
